 Dungeon Crawl Stone Soup version 0.17-a0-464-g85d6e2c (webtiles) character file.

655 aspa the Skirmisher (level 7, -4/56 HPs)
             Began as a Demonspawn Abyssal Knight on Apr 5, 2015.
             Was a Priest of Lugonu.
             Slain by an orc wizard
             ... wielding a +0 rapier
              (5 damage)
             ... on level 4 of the Dungeon.
             The game lasted 00:22:29 (4400 turns).

aspa the Skirmisher (Demonspawn Abyssal Knight)     Turns: 4400, Time: 00:22:29

Health: -4/56      AC:  7    Str: 15    XL:     7   Next: 29%
Magic:  8/8        EV: 11    Int: 13    God:    Lugonu [***...]
Gold:   156        SH:  3    Dex: 12    Spells: 0 memorised, 6 levels left

rFire  + . .     SeeInvis .     b - +0 war axe
rCold  . . .     Clarity  .     n - +0 leather armour
rNeg   + . .     SustAb   +     g - +0 buckler (curse)
rPois  .         Gourm    .     (no helmet)
rElec  .         Spirit   .     (no cloak)
rCorr  .         Warding  .     r - +0 pair of gloves
rMut   .         Stasis   .     (no boots)
MR     .....                    (no amulet)
Stlth  +.........               v - ring of positive energy
                                e - ring of sustain abilities

@: not resistant to hostile enchantments, very unstealthy
A: icy blue scales 2, fire resistance 1
a: Depart the Abyss, Bend Space, Banish, Renounce Religion


You were on level 4 of the Dungeon.
You worshipped Lugonu.
Lugonu was most pleased with you.
You were hungry.

You visited 1 branch of the dungeon, and saw 5 of its levels.
You visited the Abyss 1 time.
You also visited: Sewer.

You collected 156 gold pieces.

Inventory:

Hand weapons
 a - a +1 hand axe
 b - a +0 war axe (weapon)
 d - a +0 whip of electrocution
 u - a cursed -1 hunting sling
Armour
 g - a cursed +0 buckler (worn)
 n - a +0 leather armour (worn)
 r - a +0 pair of gloves (worn)
Jewellery
 e - a ring of sustain abilities (left hand)
 v - a ring of positive energy (right hand)
Scrolls
 f - 2 scrolls of blinking {unknown}
 h - 2 scrolls of enchant weapon {unknown}
 i - a scroll of fog {unknown}
 j - 2 scrolls of magic mapping {unknown}
 l - a scroll of random uselessness {unknown}
 m - 2 scrolls of identify {unknown}
 p - a scroll of amnesia {unknown}
 q - 2 scrolls of remove curse {unknown}
Comestibles
 c - 4 bread rations
 o - 2 meat rations
 t - 10 chunks of flesh


   Skills:
 + Level 5.0 Fighting
 + Level 3.5 Axes
 + Level 3.4 Armour
 + Level 4.1 Dodging
 + Level 1.0 Stealth
 + Level 0.3 Shields
 + Level 2.4 Invocations


You had 6 spell levels left.
You didn't know any spells.

Dungeon Overview and Level Annotations

Branches:
Dungeon (5/15)
 Temple: D:4-7

Altars:
Ashenzari
Qazlal


Innate Abilities, Weirdness & Mutations

You are mostly covered in icy blue scales (AC +3, EV -1).
Your flesh is heat resistant.


Message History

* * * LOW HITPOINT WARNING * * *
A magic dart appears from out of thin air!
The magic dart hits you!
* * * LOW HITPOINT WARNING * * *
Drink which item? (? for menu, Esc to quit)
It was a potion of cancellation.
You feel magically purged.
You are too injured to fight recklessly!
You slash the orc wizard!
You kill the orc wizard!
Lugonu accepts your kill.
Your Fighting skill increases to level 5!
Something hits you but does no damage.
You hit something but do no damage. Something hits you but does no damage.
Your leather armour prevents you from hitting the orc.
You hit something but do no damage. Something hits you.
* * * LOW HITPOINT WARNING * * *
The orc hits you but does no damage. Something hits you but does no damage.
You closely miss the orc. You hit something but do no damage.
The orc hits you but does no damage. Something hits you.
You die...

.#... ###### ..... #....#
#.#'# #....# #.#.#
###....#####.#.#
................. #
...)..........# #.###
#....###)....)
#..@###.#....'.....)
#..{o.......##......
#############...#.##......
#...........#...#.##......
#.###.#####.#...#.##......
#.#...#.#...#.##.....(
#.#.###.#...#.#######.
#.#.....#.....# ##
#.#########.#.###########
#(


You could see an orc.

Vanquished Creatures
  Menkaure (D:4)
  2 giant frogs (Sewer)
  An orc priest (D:4)
  Ijyb (D:2)
  3 orc wizards (D:4)
  A worker ant (D:4)
  11 adders
  A worm (D:2)
  9 oozes (Sewer)
  5 orcs
  5 bats
  14 giant cockroaches
  7 hobgoblins
  5 jackals
  3 kobolds
  9 ball pythons (Sewer)
  15 giant geckos
  7 giant newts
  4 goblins
  A jackal skeleton (D:4)
  6 rats
111 creatures vanquished.

Notes
Turn   | Place    | Note
--------------------------------------------------------------
     0 | Abyss:1  | aspa, the Demonspawn Abyssal Knight, began the quest for the Orb.
     0 | Abyss:1  | Reached XP level 1. HP: 18/18 MP: 2/2
    42 | Abyss:1  | Found a corrupted altar of Lugonu.
    77 | D:1      | Escaped the Abyss
   274 | D:1      | Gained mutation: You are partially covered in icy blue scales (AC +1). [demonic ancestry]
   274 | D:1      | Reached XP level 2. HP: 12/24 MP: 3/3
   505 | D:1      | Reached skill level 1 in Dodging
   654 | D:2      | Found a shattered altar of Ashenzari.
   707 | D:2      | Noticed Ijyb
   736 | D:2      | Killed Ijyb
   736 | D:2      | Reached XP level 3. HP: 19/30 MP: 4/4
   756 | D:3      | Acquired Lugonu's second power
   808 | D:3      | Found a stormy altar of Qazlal.
   821 | D:3      | Reached skill level 4 in Fighting
   821 | D:3      | Gained mutation: You are mostly covered in icy blue scales (AC +3, EV -1). [demonic ancestry]
   821 | D:3      | Reached XP level 4. HP: 33/37 MP: 5/5
   841 | D:3      | Found a glowing drain.
   910 | Sewer    | Entered a sewer
  1491 | Sewer    | Gained mutation: Your flesh is heat resistant. [demonic ancestry]
  1491 | Sewer    | Reached XP level 5. HP: 39/42 MP: 6/6
  1634 | Sewer    | Acquired Lugonu's third power
  2069 | Sewer    | Noticed a giant frog
  2070 | Sewer    | Noticed a giant frog
  2078 | Sewer    | Killed a giant frog
  2086 | Sewer    | Killed a giant frog
  2086 | Sewer    | Reached XP level 6. HP: 31/49 MP: 7/7
  3065 | D:4      | Noticed Menkaure
  3418 | D:4      | Killed Menkaure
  3821 | D:4      | Reached XP level 7. HP: 29/55 MP: 8/8
  4227 | D:5      | Entered Level 5 of the Dungeon
  4326 | D:4      | Reached skill level 1 in Stealth
  4397 | D:4      | Reached skill level 5 in Fighting
  4399 | D:4      | HP: 1/56 [something (6)]
  4400 | D:4      | Slain by an orc wizard

Action                   |  1- 3 |  4- 6 |  7- 9 || total
-------------------------+-------+-------+-------++-------
Melee: Hand axe          |    60 |   287 |       ||   347
       War axe           |     3 |    96 |    60 ||   159
Invok: Bend Space        |       |     1 |     2 ||     3
  Use: Potion            |       |     3 |     2 ||     5
  Eat: Chunk             |       |    10 |     2 ||    12
